 Dungeon Crawl Stone Soup version 0.24-a0-613-g1ff6aac338 (webtiles) character file.

Game seed: 9709144979093697679, levelgen mode: deterministic

41 Htamos the Firebug (level 3, -1/28 HPs)
             Began as a Hill Orc Fire Elementalist on Sept 12, 2019.
             Slain by Terence
             ... wielding a +2 mace of holy wrath
              (6 damage)
             ... on level 2 of the Dungeon.
             The game lasted 00:02:36 (2056 turns).

Htamos the Firebug (Hill Orc Fire Elementalist)     Turns: 2056, Time: 00:02:37

Health: -1/28      AC:  6    Str: 11    XL:     3   Next: 52%
Magic:  1/5        EV: 14    Int: 15    God:
Gold:   0          SH:  0    Dex: 16    Spells: 4/5 levels left

rFire    + . .     SeeInvis .   j - +0 short sword
rCold    + . .     Gourm    .   (no shield)
rNeg     . . .     Faith    .   h - +0 scale mail
rPois    +         Spirit   .   (no helmet)
rElec    +         Reflect  .   (no cloak)
rCorr    +         Harm     .   (no gloves)
MR       .....                  (no boots)
Stlth    ++........             (no amulet)
HPRegen  0.09/turn              (no ring)
MPRegen  0.09/turn              (no ring)

@: agile, resistant, very slightly contaminated
A: no striking features
a: no special abilities


You were on level 2 of the Dungeon.
You were not hungry.

You visited 1 branch of the dungeon, and saw 2 of its levels.

Inventory:

Hand Weapons
 d - a +0 club
 j - a +0 short sword (weapon)
Armour
 a - a +0 robe
 g - a +0 leather armour
 h - a +0 scale mail (worn)
Scrolls
 b - a scroll of enchant armour {unknown}
 l - a scroll of immolation {unknown}
 m - a scroll of identify {unknown}
Potions
 f - 2 potions of agility
Comestibles
 c - a ration
 k - 3 chunks of flesh


   Skills:
 + Level 1.2 Fighting
 + Level 1.0 Armour
 - Level 1.5 Dodging
 + Level 2.0 Stealth
 + Level 1.9 Spellcasting
 + Level 1.5 Conjurations
 + Level 3.6 Fire Magic


You had 4 spell levels left.
You knew the following spells:

 Your Spells              Type           Power        Failure   Level  Hunger
a - Flame Tongue          Conj/Fire      #....        43%         1    ##.....

Your spell library contained the following spells:

 Spells                   Type           Power        Failure   Level  Hunger
 Throw Flame              Conj/Fire      #.....       58%         2    ###....
 Conjure Flame            Conj/Fire      #.......     82%         3    ####...
 Inner Flame              Hex/Fire       #.......     89%         3    ####...
 Sticky Flame             Conj/Fire      #.......     99%         4    #####..
 Fireball                 Conj/Fire      #.........   100%        5    ######.


Dungeon Overview and Level Annotations

Branches:
Dungeon (2/15)

Altars:

Annotations:
D:2 Terence


Message History

Aim: Terence, wielding a +2 mace of holy wrath and wearing a +0 chain mail (heavily wounded)
You miscast Flame Tongue.
Sparks fly from your hands! Terence hits you but does no damage.
Casting: Flame Tongue (safe; 43% risk of failure)
Confirm with . or Enter, or press ? or * to list all spells.
Aiming: Flame Tongue (safe; 43% risk of failure)
Press: ? - help, Shift-Dir - straight line, f/p - Terence
Aim: Terence, wielding a +2 mace of holy wrath and wearing a +0 chain mail (heavily wounded)
The flame tongue hits Terence.
Terence is severely wounded.
Terence misses you.
Casting: Flame Tongue (safe; 43% risk of failure)
Confirm with . or Enter, or press ? or * to list all spells.
Aiming: Flame Tongue (safe; 43% risk of failure)
Press: ? - help, Shift-Dir - straight line, f/p - Terence
Aim: Terence, wielding a +2 mace of holy wrath and wearing a +0 chain mail (severely wounded)
You miscast Flame Tongue.
Nothing appears to happen.
Terence screams, "I'm going to kill you!"
Terence hits you with a +2 mace of holy wrath.
You die...

#. #.####### #.#.....
##......###
#......... ##.......#
####.......##
........รท...#
##......@..#
#.....<@..#
##...)...##########
#...................#
..##.#...........####
#.##.............# #
#...........###
#...........#
#....>.....##


You could see Terence.

Vanquished Creatures
  A gnoll (D:1)
  A dart slug (D:1)
  3 giant cockroaches (D:1)
  3 goblins (D:1)
  6 hobgoblins
  4 kobolds
  A ball python (D:1)
  2 bats (D:1)
  7 rats
28 creatures vanquished.

Notes
Turn   | Place    | Note
-------+----------+-------------------------------------------
     0 | D:1      | Htamos the Hill Orc Fire Elementalist began the quest for
                  | the Orb.
     0 | D:1      | Reached XP level 1. HP: 14/14 MP: 3/3
   235 | D:1      | Reached XP level 2. HP: 22/22 MP: 2/4
   908 | D:1      | Reached skill level 1 in Fighting
   908 | D:1      | Reached XP level 3. HP: 27/28 MP: 5/5
  1717 | D:1      | Reached skill level 1 in Armour
  2015 | D:2      | Noticed Terence
  2056 | D:2      | Slain by Terence

Levels and vault maps discovered:
D:1:      dpeg_arrival_line_fractal, layout_basic
D:2:      layout_loops_ring, first_ration, fedhas_altar_4, uniq_terence,
          uniq_sigmund

Skill      XL: |  1  2  3 |
---------------+----------+-----
Fighting       | 1 |  1.2
Stealth        | 2 |  2.0
Armour         | 1 |  1.0
Dodging        | |  1.5
Spellcasting   | |  1.9
Conjurations   | |  1.5
Fire Magic     | |  3.6

Action                   || total
-------------------------++-------
Melee: Club              ||    69
       Short sword       ||    17
 Cast: Flame Tongue      ||    27
  Use: Potion            ||     3
  Eat: Chunk             ||     4
Armor: Leather armour    ||    17
       Scale mail        ||    24
Dodge: Dodged            ||    66

Table legend:
 A = Non-vault XP
 B = Vault XP
 C = Vault XP percentage of total XP
 D = Non-vault monster count
 E = Vault monster count
 F = Vault count percentage of total count
                 A         B        C        D         E       F
            +---------+---------+-------+---------+---------+-------
      Total |      59 |       0 |   0.0 |      28 |       0 |   0.0
            +---------+---------+-------+---------+---------+-------
        D:1 |      55 |       0 |   0.0 |      25 |       0 |   0.0
        D:2 |       4 |       0 |   0.0 |       3 |       0 |   0.0
            +---------+---------+-------+---------+---------+-------
